 Dungeon Crawl Stone Soup version 0.19.5 (webtiles) character file.

6171 Kokonut the Basher (level 10, -11/150 HPs)
             Began as a Troll Berserker on Apr 6, 2017.
             Was a High Priest of Trog.
             Killed from afar by a wizard (34 damage)
             ... with a crystal spear
             ... on level 9 of the Dungeon.
             The game lasted 00:55:14 (7582 turns).

Kokonut the Basher (Troll Berserker)                Turns: 7582, Time: 00:55:15

Health: -11/150    AC:  8    Str: 32    XL:     10   Next: 60%
Magic:  9/9        EV: 10    Int:  3    God:    Trog [*****.]
Gold:   638        SH:  0    Dex: 12    Spells: 0 memorised, 9 levels left

rFire  . . .     SeeInvis .     M - +1 flail (curse)
rCold  . . .     Gourm    +     r - +2 robe
rNeg   . . .     Faith    .     (no shield)
rPois  .         Spirit   .     (helmet restricted)
rElec  .         Reflect  .     F - +0 cloak
rCorr  .         Harm     .     (gloves unavailable)
MR     ++...                    (boots unavailable)
Stlth  ..........               (no amulet)
                                (no ring)
                                (no ring)

@: berserking, regenerating, very quick
A: unfitting armour, claws 3, fast metabolism 3, gourmand, regeneration 1,
shaggy fur 1, tough skin 2
a: Berserk, Trog's Hand, Brothers in Arms, Burn Spellbooks, Renounce Religion


You were on level 9 of the Dungeon.
You worshipped Trog.
Trog was extremely pleased with you.
You were very full.

You visited 2 branches of the dungeon, and saw 11 of its levels.
You also visited: Sewer and Bailey.

You collected 638 gold pieces.

Inventory:

Hand Weapons
 y - a +0 morningstar
 E - a +3 mace of protection
 M - a cursed +1 flail (weapon)
 Q - a +0 giant spiked club
Missiles
 k - 309 stones
 C - a throwing net
 L - 41 tomahawks of returning (quivered)
Armour
 r - a +2 robe (worn)
 v - a +0 robe of positive energy
 F - a +0 cloak (worn)
 N - a +0 robe of magic resistance
Magical Staves
 U - an uncursed staff of fire
Jewellery
 S - an uncursed ring of resist corrosion {unknown}
Wands
 a - a wand of lightning (6/15)
 l - a wand of lightning (9/15)
 q - a wand of teleportation (4/9)
Scrolls
 d - 9 scrolls of teleportation {unknown}
 e - 12 scrolls of identify {unknown}
 g - 2 scrolls of enchant armour {unknown}
 j - 4 scrolls of remove curse {unknown}
 m - a scroll of random uselessness {unknown}
 t - 3 scrolls of recharging {unknown}
 x - a scroll of vulnerability {unknown}
 A - 2 scrolls of noise {unknown}
 D - 2 scrolls of immolation {unknown}
 G - 2 scrolls of fear {unknown}
 I - a scroll of enchant weapon {unknown}
 P - a scroll of summoning {unknown}
 T - a scroll of fog {unknown}
Potions
 f - 3 potions of magic {unknown}
 i - a potion of brilliance {unknown}
 n - 4 potions of flight
 o - 6 potions of curing
 p - 4 potions of heal wounds
 s - a potion of berserk rage {unknown}
 u - a potion of agility {unknown}
 w - 3 potions of ambrosia {unknown}
 B - a potion of mutation {unknown}
 H - 2 potions of invisibility {unknown}
 K - a potion of resistance {unknown}
 O - a potion of haste {unknown}
 R - a potion of lignification {unknown}
 V - 2 potions of degeneration {unknown}
Books
 J - a book of Cantrips

   Spells                             Type                      Level
   a - Confusing Touch                Hexes                        1
   b - Animate Skeleton               Necromancy                   1
   c - Summon Small Mammal            Summoning                    1
   d - Apportation                    Translocation                1
   Trog disapproves of the use of such an item.
Comestibles
 b - 6 beef jerkies
 c - 7 bread rations
 h - 5 meat rations
 z - 7 slices of pizza
 W - 3 chunks of flesh
 X - a royal jelly


   Skills:
 + Level 6.8 Fighting
 + Level 12.3 Maces & Flails
 * Level 3.9 Throwing
 - Level 2.4 Dodging


You had 9 spell levels left.
You didn't know any spells.

Dungeon Overview and Level Annotations

Branches:
Dungeon (10/15)            Temple (1/1) D:4
   Lair: D:8-11         Orc: D:9-12

Altars:
Cheibriados
Dithmenos
Kikubaaqudgha
Trog
Xom


Innate Abilities, Weirdness & Mutations

You are too large for most types of armour.
You have claws for hands.
Your metabolism is lightning-fast.
You like to eat raw meat.
Your natural rate of healing is unusually fast.
You are covered in fur. (AC +1)
You have very tough skin. (AC +2)


Message History

The wizard gestures wildly while chanting.
The wizard seems to speed up.
A red film seems to cover your vision as you go berserk!
You feel yourself moving faster!
You feel mighty! The wizard closely misses you.
You closely miss the wizard. The wizard hits you but does no damage.
You closely miss the wizard. The wizard hits you but does no damage.
The crimson imp closely misses you.
You sock the wizard!
The wizard is moderately wounded.
You closely miss the wizard.
The wizard is moderately wounded.
The wizard hits you with a dagger.
* * * LOW HITPOINT WARNING * * *
The crimson imp closely misses you.
You sock the wizard!
The wizard is moderately wounded.
The wizard gestures at you while chanting.
The crystal spear hits you!
You die...

#.# .##... #..........#
.####..#.###..# #..........#
..W....<......####..........#
....##...........#..........#
. #.........>...####.....#
........(...###..##....#
.............# ....######
.###########.##...... ..
#.@p...... .. #.'5......
####...... #....# #..## ###


You could see a wizard and a crimson imp.

Vanquished Creatures
  The ghost of MovingMist the Agent of Entropy, a novice DsAK of Lugonu (D:5)
  Grinder (D:3)
  2 hippogriffs
  Sigmund (D:3)
  4 hogs (D:7)
  A human (D:7)
  A hungry ghost (D:6)
  A water moccasin (D:7)
  7 orc warriors
  Purgy (D:3)
  An ice beast (D:9)
  4 phantoms
  5 ogres
  A centaur (D:8)
  A crocodile (Sewer)
  4 bullfrogs
  A wyvern skeleton (D:7)
  4 scorpions
  3 killer bees (D:9)
  4 wights (D:6)
  5 howler monkeys
  4 crimson imps
  4 bullfrog zombies
  4 hounds (D:4)
  3 jellies
  4 orc priests
  Crazy Yiuf (D:4)
  3 bullfrog skeletons
  Jessica (D:2)
  9 orc wizards
  2 iguanas (D:9)
  3 worker ants
  2 hound skeletons
  5 gnolls
  11 adders
  A river rat (D:4)
  3 oozes
  An adder zombie (D:7)
  2 worms (D:2)
  2 dart slugs
  6 leopard geckos
  21 orcs
  6 giant cockroaches
  17 goblins
  12 hobgoblins
  10 jackals
  20 kobolds
  3 quokkas
  5 ball pythons
  13 bats
  4 frilled lizards
  A leopard gecko zombie (D:6)
  12 rats
  A fungus (D:4)
249 creatures vanquished.

Vanquished Creatures (collateral kills)
  An orc warrior (Bailey)
  A hobgoblin (Bailey)
2 creatures vanquished.

Vanquished Creatures (others)
  A human (D:7)
1 creature vanquished.

Grand Total: 252 creatures vanquished

Notes
Turn   | Place    | Note
-------+----------+-------------------------------------------
     0 | D:1      | Kokonut the Troll Berserker began the quest for the Orb.
     0 | D:1      | Reached XP level 1. HP: 22/22 MP: 0/0
    22 | D:1      | Reached skill level 3 in Maces & Flails
    44 | D:1      | Reached XP level 2. HP: 29/29 MP: 1/1
   397 | D:1      | Reached XP level 3. HP: 36/36 MP: 2/2
   644 | D:2      | Reached ** piety under Trog
   864 | D:2      | Reached skill level 4 in Maces & Flails
   880 | D:2      | Found a snail-covered altar of Cheibriados.
   880 | D:2      | Found a shimmering altar of Xom.
  1055 | D:3      | Noticed Sigmund
  1076 | D:3      | Killed Sigmund
  1076 | D:3      | Reached skill level 5 in Maces & Flails
  1076 | D:3      | Reached XP level 4. HP: 19/44 MP: 3/3
  1076 | D:3      | Reached XP level 5. HP: 21/50 MP: 4/4
  1271 | D:4      | Reached skill level 6 in Maces & Flails
  1323 | D:4      | Found a staircase to the Ecumenical Temple.
  1383 | D:4      | Reached XP level 6. HP: 58/59 MP: 5/5
  1406 | D:4      | Found a glowing drain.
  1428 | Sewer    | Entered a sewer
  1718 | D:3      | Noticed Purgy
  1730 | D:3      | Killed Purgy
  1730 | D:3      | Reached skill level 7 in Maces & Flails
  1817 | D:2      | Noticed Jessica
  1827 | D:2      | Killed Jessica
  2217 | D:2      | Reached XP level 7. HP: 65/66 MP: 6/6
  2509 | D:3      | Reached *** piety under Trog
  2756 | D:3      | Noticed Grinder
  2760 | D:3      | Paralysed by Grinder for 5 turns
  2778 | D:3      | Killed Grinder
  2778 | D:3      | Reached skill level 8 in Maces & Flails
  3192 | D:5      | Entered Level 5 of the Dungeon
  3392 | D:4      | Found a runed door.
  3396 | D:4      | Noticed Crazy Yiuf
  3400 | D:4      | Killed Crazy Yiuf
  3503 | D:4      | Reached XP level 8. HP: 61/74 MP: 7/7
  3676 | Temple   | Entered the Ecumenical Temple
  3916 | D:5      | Reached skill level 9 in Maces & Flails
  4355 | D:5      | Noticed MovingMist's ghost (novice DsAK)
  4365 | D:5      | Killed MovingMist's ghost
  4461 | D:6      | Reached skill level 10 in Maces & Flails
  4499 | D:6      | You fall through a shaft!
  4718 | D:6      | Reached **** piety under Trog
  4793 | D:6      | Reached XP level 9. HP: 85/85 MP: 8/8
  4973 | D:7      | Found a bloodstained altar of Trog.
  5297 | D:7      | Reached skill level 5 in Fighting
  5301 | D:7      | Reached skill level 11 in Maces & Flails
  5631 | D:7      | Found an ancient bone altar of Kikubaaqudgha.
  5877 | D:9      | Reached XP level 10. HP: 96/98 MP: 9/9
  5934 | D:9      | Reached skill level 12 in Maces & Flails
  6002 | D:9      | Reached ***** piety under Trog
  6005 | D:9      | Found a flagged portal.
  6044 | Bailey   | Entered a bailey
  6402 | Bailey   | Reached skill level 1 in Throwing
  6949 | D:10     | Entered Level 10 of the Dungeon
  7569 | D:9      | Noticed a wizard
  7582 | D:9      | Killed from afar by a wizard

Skill      XL: |  1  2  3  4  5  6  7  8  9 10 |
---------------+-------------------------------+-----
Maces & Flails | 3 5 6 7 8 10 11 12 | 12.3
Fighting       | 4 6 |  6.8
Throwing       | 3 |  3.9
Dodging        | |  2.4

Action                   |  1- 3 |  4- 6 |  7- 9 | 10-12 || total
-------------------------+-------+-------+-------+-------++-------
Melee: Mace              |   104 |   165 |   165 |       ||   434
       Flail             |       |       |   269 |   272 ||   541
Throw: Stone             |       |     1 |     3 |   160 ||   164
       Tomahawk          |       |       |       |    24 ||    24
Invok: Berserk           |     3 |     2 |     4 |     4 ||    13
       Trog's Hand       |     1 |     2 |     4 |     1 ||     8
       Brothers in Arms  |       |       |       |     1 ||     1
  Use: Potion            |       |       |       |     4 ||     4
  Eat: Chunk             |    18 |    15 |    45 |    20 ||    98
Armor: Animal skin       |    43 |       |       |       ||    43
       Robe              |       |   132 |   142 |   100 ||   374
Dodge: Dodged            |    57 |   156 |   178 |   131 ||   522
